 Dungeon Crawl Stone Soup version 0.30-a0-170-g85af917532 (webtiles) character file.

Game seed: 1315751112026067501

4 Sobieck the Chopper (level 1, 16/16 (18) HPs)
             Began as a Hill Orc Reaver on Sept 30, 2022.
             Got out of the dungeon alive.
             The game lasted 00:01:18 (291 turns).

Sobieck the Chopper (Hill Orc Reaver)                Turns: 291, Time: 00:01:19

HP:   16/16 (18)    AC:  3    Str: 14    XL:     1   Next: 70%
MP:   3/3           EV: 11    Int: 13    God:
Gold: 12            SH:  0    Dex:  9    Spells: 2/3 levels left

rFire   . . .      SeeInvis .    a - +0 hand axe {axe}
rCold   . . .      Faith    .    (no shield)
rNeg    . . .      Spirit   .    b - +0 leather armour
rPois   .          Reflect  .    (no helmet)
rElec   .          Harm     .    (no cloak)
rCorr   .          Rampage  .    (no gloves)
Will    .....                    (no boots)
Stlth   +.........               (no amulet)
HPRegen 0.05/turn                (no ring)
MPRegen 0.08/turn                (no ring)

@: heavily drained
A: no striking features
a: no special abilities


You escaped.
You visited 1 branch of the dungeon, and saw 1 of its levels.

You collected 12 gold pieces.


   Skills:
 - Level 2.4 Fighting
 * Level 4.5 Axes
 - Level 1.5 Dodging
 - Level 1.5 Spellcasting
 - Level 3.0 Conjurations


You had 2 spell levels left.
You knew the following spells:

 Your Spells              Type           Power      Damage    Failure   Level
a - Kiss of Death         Conj/Necr      16%        2d6       19%         1

Your spell library contained the following spells:

 Spells                   Type           Power      Damage    Failure   Level
 Momentum Strike          Conj/Tloc      8%         3d8       28%         2
 Hailstorm                Conj/Ice       4%         3d4       50%         3

Inventory:

Hand Weapons
 a - a +0 hand axe (weapon) {axe}
Missiles
 c - a stone {throwing}
Armour
 b - a +0 leather armour (worn)
 e - a +0 helmet
   (You found it on level 1 of the Dungeon)
Potions
 d - a potion of cancellation {unknown}

Dungeon Overview and Level Annotations

Branches:
Dungeon (1/15) Zot: 5705

Altars:

## #. ##.### ....#
#..# #####..# ##
#...#.###...#
#....@....#
#...###.#...# ###.
#..######## #
#..#......# #....#
. ###.## .. #...#
...###### #.###
........#######..#


There were no monsters in sight!


Message History

You hit the kobold but do no damage. The kobold barely misses you.
You closely miss the kobold.
The kobold hits you with a +0 short sword.
You are too injured to fight recklessly!
You are too injured to fight recklessly!
Casting: Kiss of Death (safe; 19% risk of failure)
Confirm with . or Enter, or press ? or * to list all spells.
Aiming: Kiss of Death (safe; 19% risk of failure)
Press: ? - help, Shift-Dir - straight line, f - kobold
Aim: a kobold, wielding a +0 short sword and quivering stones (100% to hit)
You miscast Kiss of Death.
You are very lightly contaminated with residual magic.
Nothing appears to happen.
The kobold barely misses you.
Unknown command.
You barely miss the kobold. The kobold hits you but does no damage.
You hit the kobold. The kobold completely misses you.
Unknown command.
You barely miss the kobold. The kobold closely misses you.
You hit the kobold.
You kill the kobold!
c - a stone {throwing} You see here a +0 short sword {short}.
Your magical contamination has completely faded away.
Unknown command.
You start resting.
Unknown command.
Unknown command.
You now have 12 gold pieces.
d - a sedimented green potion Unknown command.
A hobgoblin comes into view.
The hobgoblin shouts!
Danger!
The hobgoblin closely misses you.
You slash the hobgoblin!
You kill the hobgoblin!
No target in view!
No target in view!
You see here a hobgoblin corpse.
You see here a hobgoblin corpse.
A goblin comes into view. It is wielding a +0 dagger.
The goblin shouts!
Danger!
You closely miss the goblin.
A rat comes into view.
The goblin hits you but does no damage.
You miss the goblin. The goblin hits you with a +0 dagger.
You hit the goblin. The goblin completely misses you.
You hit the goblin.
You kill the goblin!
You hit the rat.
You kill the rat!
No target in view!
You see here a +0 dagger {short}.
e - a +0 helmet Unknown command.
Found a faded altar of an unknown god.
Unknown command.
A spectral goblin comes into view.
Danger!
A spectral goblin is nearby!
You enter the shallow water.
Moving in this stuff is going to be slow.
Your unstable footing causes you to fumble your attack.
The spectral goblin closely misses you.
Your unstable footing causes you to fumble your attack.
The spectral goblin barely misses you.
Your unstable footing causes you to fumble your attack.
The spectral goblin hits you but does no damage.
You barely miss the spectral goblin.
The spectral goblin hits you but does no damage.
You closely miss the spectral goblin. The spectral goblin hits you.
You hit the spectral goblin but do no damage.
The spectral goblin hits you but does no damage.
You completely miss the spectral goblin.
The spectral goblin closely misses you.
You hit the spectral goblin.
The spectral goblin hits you but does no damage.
Your unstable footing causes you to fumble your attack.
The spectral goblin hits you.
You feel drained.
The spectral goblin attacks as you move away!
The spectral goblin hits you but does no damage.
The spectral goblin hits you.
You feel drained.
You completely miss the spectral goblin.
The spectral goblin closely misses you.
You hit the spectral goblin.
The spectral goblin hits you but does no damage.
You hit the spectral goblin but do no damage.
The spectral goblin hits you but does no damage.
Unknown command.
You hit the spectral goblin.
You destroy the spectral goblin!
Unknown command.
You enter the shallow water.
Moving in this stuff is going to be slow.
There is a staircase leading out of the dungeon here.
Are you sure you want to leave the Dungeon?
This will make you lose the game!
You have escaped!

Action                   || total
-------------------------++-------
Melee: Hand axe          ||    27
Armor: Leather armour    ||    11
Dodge: Dodged            ||    13

Levels and vault maps discovered:
D:1:      psy_arrival_radial01, layout_basic,
          dreamdust_ecumenical_altar_drowned_temple

Notes
Turn   | Place    | Note
-------+----------+-------------------------------------------
     0 | D:1      | Sobieck the Hill Orc Reaver began the quest for the Orb.
     0 | D:1      | Reached XP level 1. HP: 18/18 MP: 3/3
   231 | D:1      | Found a faded altar of an unknown god.
   291 | D:$      | Got out of the dungeon alive.

Vanquished Creatures
  A goblin (D:1)
  A hobgoblin (D:1)
  A kobold (D:1)
  A rat (D:1)
  A spectral goblin (D:1)
5 creatures vanquished.

Table legend:
 A = Non-vault XP
 B = Vault XP
 C = Vault XP percentage of total XP
 D = Non-vault monster count
 E = Vault monster count
 F = Vault count percentage of total count
                 A         B        C        D         E       F
            +---------+---------+-------+---------+---------+-------
      Total |       6 |       1 |  14.3 |       4 |       1 |  20.0
            +---------+---------+-------+---------+---------+-------
        D:1 |       6 |       1 |  14.3 |       4 |       1 |  20.0
            +---------+---------+-------+---------+---------+-------

Illustrated notes

Table legend:
 A = Kills in this place as a percentage of kills in entire the game.
 B = Kills by you in this place as a percentage of kills by you in the entire game.
 C = Kills by friends in this place as a percentage of kills by friends in the entire game.
 D = Other kills in this place as a percentage of other kills in the entire game.
 E = Experience gained in this place as a percentage of experience gained in the entire game.
 F = Experience gained in this place divided by the number of levels of this place that you have seen.
                   A       B       C       D       E      F
               +-------+-------+-------+-------+-------+----------------------
         Total | 100.0 | 100.0 |   N/A |   N/A | 100.0 |   7.0
       Dungeon | 100.0 | 100.0 |   N/A |   N/A | 100.0 |   7.0
               +-------+-------+-------+-------+-------+----------------------

Table legend: (Time is in decaauts)
 A = Elapsed time spent in this place.
 B = Non-inter-level travel time spent in this place.
 C = Inter-level travel time spent in this place.
 D = Time resting spent in this place.
 E = Time spent auto-exploring this place.
 F = Levels seen in this place.
 G = Mean time per level.
                   A        B        C        D        E       F      G
               +--------+--------+--------+--------+--------+-----+--------+
         Total |    294 |    256 |     38 |      6 |    199 |   1 |  294.0 |
       Dungeon |    294 |    256 |     38 |      6 |    199 |   1 |  294.0 |
               +--------+--------+--------+--------+--------+-----+--------+

Top non-repeatable levels by time:
     D:1: 294 daAuts
